 Dungeon Crawl Stone Soup version 0.30-a0-897-ga2f19c967e (webtiles) character file.

Game seed: 13979563811990146364

366994 112233 the Eclecticist (level 22, -18/319 HPs)
             Began as a Naga Air Elementalist on Mar 18, 2023.
             Was an Initiate of Gozag.
             Demolished by an ironbound preserver
             ... wielding a +0 great mace
              (21 damage)
             ... on level 4 of the Vaults.
             The game lasted 01:51:01 (80530 turns).

112233 the Eclecticist (Naga Air Elementalist)     Turns: 80530, Time: 01:51:02

Health: -18/319    AC: 23    Str: 12    XL:     22   Next: 57%
Magic:  43/43      EV: 23    Int: 30    God:    Gozag
Gold:   3296       SH:  8    Dex: 13    Spells: 10/56 levels left

rFire   . . .      SeeInvis +    C - staff of air
rCold   . . .      Faith    .    i - +3 buckler
rNeg    + . .      Spirit   .    M - +1 robe {rN+}
rPois   +          Reflect  .    r - +0 helmet
rElec   +          Rampage  .    u - scarf {repulsion}
rCorr   .                        Q - +2 pair of gloves {Stlth+}
Will    ++...                    S - +6 lightning scales {swift, rElec} Stlth
                                 J - amulet of magic regeneration
HPRegen 0.73/turn                R - ring "Cyetroc" {rPois Int+6 Slay+6}
MPRegen 0.68/turn                y - ring of the Hare {EV+10}

@: berserking, gold aura, hasted, studying Polearms, repel missiles, very quick
A: AC +7, large, see invisible, deformed body, poison resistance, slowness 2,
spit poison 1, naga tail 2
}: 2/15 runes: serpentine, barnacled
a: Spit Poison, Renounce Religion, Potion Petition, Call Merchant, Bribe Branch


You were on level 4 of the Vaults.
You worshipped Gozag.
Gozag was most pleased with you.
You visited 8 branches of the dungeon, and saw 38 of its levels.
You visited the Abyss 1 time.
You also visited: Ice Cave.

You collected 18619 gold pieces.
You spent 7704 gold pieces at shops.
You paid 7619 gold pieces to Gozag.

Inventory:

Hand Weapons
 A - the +7 lajatang of Order {silver, rMut}
   (You took it off a deep elf archer on level 3 of the Elven Halls)

   rMut:      It protects you from mutation.
Missiles
 X - 4 throwing nets
Armour
 f - a scarf of resistance
 i - a +3 buckler (worn)
 r - a +0 helmet (worn)
 u - a scarf of repulsion (worn)
 M - a +1 robe of positive energy (worn)
 Q - a +2 pair of gloves of stealth (worn)
 S - the +6 lightning scales (worn) {swift, rElec}
   (You found it on level 3 of the Elven Halls)

   Swift:     It allows the wearer to cover ground more swiftly.
   rElec:     It insulates you from electricity.
Magical Staves
 C - a staff of air (weapon)
Jewellery
 b - the ring of Neneskaz {Wiz rN++}
   (You acquired it on level 14 of the Dungeon)

   [ring of wizardry]

   It improves your spell success rate.
   rN:        It greatly protects you from negative energy.
 x - the ring "Imaher" {Drain rPois Int+6 Dex+5}
   (You found it in an ice cave)

   [ring of intelligence]

   Int:       It affects your intelligence (+6).
   Dex:       It affects your dexterity (+5).
   rPois:     It protects you from poison.
   Drain:     It drains your maximum health when unequipped.
 y - the ring of the Hare (right hand) {EV+10}
   (You took it off a deep elf zephyrmancer on level 3 of the Elven Halls)

   [ring of evasion]

   EV:        It affects your evasion (+10).
 J - an amulet of magic regeneration (around neck)
 R - the ring "Cyetroc" (left hand) {rPois Int+6 Slay+6}
   (You took it off a wizard on level 14 of the Dungeon)

   [ring of intelligence]

   Int:       It affects your intelligence (+6).
   Slay:      It affects your accuracy & damage with ranged weapons and melee
   (+6).
   rPois:     It protects you from poison.
 W - the ring of Meschafon {rElec MP+9 Str-5 Int+4 Slay+5}
   (You took it off a vampire on level 14 of the Dungeon)

   [ring of magical power]

   Str:       It affects your strength (-5).
   Int:       It affects your intelligence (+4).
   Slay:      It affects your accuracy & damage with ranged weapons and melee
   (+5).
   rElec:     It insulates you from electricity.
   MP:        It affects your magic capacity (+9).
Wands
 q - a wand of iceblast (19)
 t - a wand of charming (32)
 w - a wand of digging (10)
 D - a wand of light (17)
 H - a wand of mindburst (6)
 I - a wand of polymorph (26)
Scrolls
 a - 10 scrolls of magic mapping
 e - 5 scrolls of immolation
 g - 2 scrolls of butterflies
 j - 11 scrolls of teleportation
 k - 5 scrolls of vulnerability
 l - 2 scrolls of fear
 v - 6 scrolls of poison
 z - 3 scrolls of silence
 G - a scroll of blinking
 U - 5 scrolls of identify
 Z - 8 scrolls of fog
Potions
 c - 9 potions of brilliance
 d - 24 potions of curing
 m - 2 potions of haste
 o - 5 potions of ambrosia
 s - 2 potions of invisibility
 E - 10 potions of mutation
 F - 2 potions of attraction
 K - 3 potions of berserk rage
 L - 2 potions of heal wounds
 N - 6 potions of might
 P - 4 potions of magic
 T - 3 potions of resistance
 Y - 3 potions of cancellation
Miscellaneous
 h - a box of beasts
 n - a phantom mirror
 p - a lightning rod (4/4)
 B - a phial of floods
 O - a condenser vane
 V - a tin of tremorstones (2/2)


   Skills:
 + Level 16.2 Fighting
 + Level 13.3 Dodging
 - Level 3.7 Stealth
 - Level 5.0 Shields
 + Level 16.5 Unarmed Combat
 + Level 17.9 Spellcasting
 - Level 5.0 Conjurations
 + Level 16.5 Transmutations
 + Level 17.6 Air Magic
 - Level 2.0 Earth Magic


You had 10 spell levels left.
You knew the following spells:

 Your Spells              Type           Power      Damage    Failure   Level
a - Summon Lightning Spi  Summ/Air       88%        N/A       1%          4
b - Wereblood             Tmut           90%        N/A       0%          2
c - Airstrike             Air            57%        2d(9-25)  0%          4
d - Storm Form            Tmut/Air       57%        N/A       1%          7
e - Maxwell's Capacitive  Air            57%        ∞         9%          8
f - Freezing Cloud        Conj/Ice/Air   41%        6-21      2%          5
h - Blink                 Tloc           52%        N/A       2%          2
i - Passwall              Tmut/Erth      58%        N/A       1%          2
j - Apportation           Tloc           52%        N/A       1%          1
l - Statue Form           Tmut/Erth      46%        N/A       6%          6
m - Arcjolt               Conj/Air       48%        1d58      1%          5

Your spell library contained the following spells:

 Spells                   Type           Power      Damage    Failure   Level
 Swiftness                Air            100%       N/A       0%          3
 Foxfire                  Conj/Fire      100%       2x1d9     1%          1
 Freeze                   Ice            100%       1d10      1%          1
 Shock                    Conj/Air       100%       1d9       1%          1
 Sting                    Tmut/Pois      100%       1d8       1%          1
 Cigotuvi's Dreadful Rot  Necr/Pois/Air  100%       N/A       1%          2
 Momentum Strike          Conj/Tloc      82%        3d10      1%          2
 Poisonous Vapours        Pois/Air       100%       N/A       1%          2
 Static Discharge         Conj/Air       100%       2-7/arc   1%          2
 Dazzling Flash           Conj/Hex       82%        N/A       1%          3
 Hailstorm                Conj/Ice       41%        3d10      1%          3
 Ignite Poison            Fire/Tmut/Pois 56%        N/A       1%          3
 Kindle Blastsparks       Fire/Tloc/Air  100%       2d18      1%          3
 Mephitic Cloud           Conj/Pois/Air  83%        N/A       1%          3
 Spider Form              Tmut/Pois      67%        N/A       1%          3
 Stone Arrow              Conj/Erth      96%        3d13      1%          3
 Vhi's Electric Charge    Tloc/Air       100%       N/A       1%          3
 Ice Form                 Ice/Tmut       67%        N/A       1%          4
 Alistair's Intoxication  Tmut/Pois      44%        N/A       1%          5
 Blade Hands              Tmut           45%        N/A       1%          5
 Lightning Bolt           Conj/Air       48%        1d69      1%          5
 Silence                  Hex/Air        44%        N/A       1%          5
 Yara's Violent Unravell  Hex/Tmut       33%        3d14      1%          5
 Ensorcelled Hibernation  Hex/Ice        52%        N/A       2%          2
 Lesser Beckoning         Tloc           52%        N/A       2%          2
 Scorch                   Fire           52%        2d8       2%          2
 Conjure Ball Lightning   Conj/Air       48%        3x3d17    2%          6
 Frozen Ramparts          Ice            52%        1d8       5%          3
 Gell's Gravitas          Tloc           26%        N/A       5%          3
 Inner Flame              Hex/Fire       26%        N/A       5%          3
 Ozocubu's Armour         Ice            26%        N/A       5%          3
 Portal Projectile        Hex/Tloc       52%        N/A       5%          3
 Teleport Other           Tloc           26%        N/A       5%          3
 Tukima's Dance           Hex            26%        N/A       5%          3
 Flame Wave               Conj/Fire      41%        2d11      7%          4
 Fulminant Prism          Conj/Hex       20%        3d12      7%          4
 Iskenderun's Mystic Bla  Conj/Tloc      41%        2d9       7%          4
 Sticky Flame             Conj/Fire      41%        2d6       7%          4
 Animate Armour           Summ/Erth      66%        N/A       12%         4
 Leda's Liquefaction      Hex/Erth       16%        N/A       12%         4
 Cause Fear               Hex            13%        N/A       19%         4
 Manifold Assault         Tloc           26%        N/A       19%         4
 Olgreb's Toxic Radiance  Pois           26%        N/A       19%         4
 Passage of Golubria      Tloc           26%        N/A       19%         4
 Summon Ice Beast         Ice/Summ       26%        N/A       19%         4
 Fireball                 Conj/Fire      20%        3d10      19%         5
 Lee's Rapid Deconstruct  Erth           19%        3d11*     22%         5
 Borgnjor's Vile Clutch   Necr/Erth      16%        N/A       32%         5
 Agony                    Necr           26%        N/A       45%         5
 Summon Forest            Summ/Tloc      13%        N/A       45%         5
 Summon Mana Viper        Hex/Summ       26%        N/A       45%         5
 Iron Shot                Conj/Erth      24%        9d5       54%         6
 Starburst                Conj/Fire      20%        6d7       71%         6
 Death Channel            Necr           13%        N/A       96%         6
 Summon Cactus Giant      Summ           13%        N/A       96%         6
 Ozocubu's Refrigeration  Ice            13%        4d10      100%        7
 Discord                  Hex            13%        N/A       100%        8
 Ignition                 Fire           13%        3d6       100%        8
 Lehudib's Crystal Spear  Conj/Erth      24%        10d7      100%        8
 Animate Dead             Necr           Unusable   N/A       N/A         4
 Simulacrum               Ice/Necr       Unusable   N/A       N/A         6

Dungeon Overview and Level Annotations

Branches:
Dungeon (15/15)            Temple (1/1) D:7            Lair (5/5) D:9
 Shoals (4/4) Lair:3        Snake (4/4) Lair:2        Slime (0/5) Lair:4
    Orc (2/2) D:10            Elf (3/3) Orc:2        Vaults (4/5) D:14
  Crypt (0/3) Vaults:2     Depths (0/4) D:15          IceCv (visited)

Altars:
Ashenzari
Cheibriados
Elyvilon
Fedhas
Gozag
Hepliaklqana
Kikubaaqudgha
Makhleb
Nemelex Xobeh
Okawaru
Ru
Sif Muna
Trog
Uskayaw
Vehumet
Wu Jian
Xom
Yredelemnul
Zin
The Shining One
Lugonu

Shops:
D:6 :   D:7 !   D:10 [==:   D:15 *   Orc:2 =((!:   Elf:1 =   Elf:3 *
Shoals:1 (   Shoals:2 *   Shoals:4 *   Snake:1 ((*(=:(   Snake:4 ?   Vaults:3 [
Vaults:4 *

Portals:
Abyss: Lair:5
Trove: Elf:2 (give +2 shadow dragon scales)

Annotations:
D:3 exclusion: downstairs
D:6 exclusion: downstairs
D:7 exclusion: downstairs
D:13 exclusion: 2 downstairs
Lair:3 3 runed translucent doors, exclusion: downstairs, 112233's ghost, journeyman OpFi
Lair:4 exclusion: 4 oklob plants
Elf:2 3 runed translucent doors


Innate Abilities, Weirdness & Mutations

Your serpentine skin is tough. (AC +7)
You have supernaturally acute eyesight. (SInv)
Armour fits poorly on your strangely shaped body.
Your system is resistant to poisons. (rPois)
You cover ground very slowly.
You can spit poison.
You can use your snake-like lower body to constrict enemies.


Message History

You can move again.
Okay, then. [a] - 406 gold - haste and brilliance [b] - 621 gold - heal wounds, curing, berserk rage and haste [c] - 360 gold - resistance and invisibility Purchase which effect?
You feel much better.
You feel better.
A red film seems to cover your vision as you go berserk!
You feel yourself moving faster!
You feel mighty!
You feel yourself speed up. The sphinx closely misses you.
The sphinx completely misses you. The sphinx closely misses you.
The ironbound preserver hits you with a +0 great mace!!
* * * LOW HITPOINT WARNING * * *
The deep troll completely misses you.
The deep troll claws you but does no damage.
You block the deep troll's attack.
Unknown command.
Unknown command.
You hit the deep troll!
The deep troll is electrocuted!
You grab the deep troll.
The deep troll is almost dead.
The runic seal fades away.
You constrict the deep troll. You block the sphinx's attack.
The sphinx hits you but does no damage. x2
Unknown command.
You hit the deep troll!
The deep troll is electrocuted!
You kill the deep troll!
The vault warden misses you.
The ironbound preserver closely misses you.
You block the sphinx's attack. x2; The sphinx hits you but does no damage.
Unknown command.
You closely miss the deep troll. You grab the deep troll.
You constrict the deep troll, but do no damage.
The vault warden hits you with a +0 great mace!!!
* * * LOW HITPOINT WARNING * * *
The deep troll closely misses you. You block the deep troll's attack.
The deep troll claws you.
* * * LOW HITPOINT WARNING * * *
The ironbound preserver hits you with a +0 great mace!!
You die...
Your body crumbles into a pile of gold.

#....................######
#..........................
#......###########.........
#......#...# ####.........
#......+...# #..##.........
#......#..###.>.##.........
#.^....#.###...# #.........
#......#.##T..# #.........
#......#.#@H.# #.........
#......#.p#p## #.........
#......#...## #.........
#......#..... #.........
##+#### ......... ...
......... #.. .#######.
8... #. #+++ #.


You could see an ironbound preserver, a sphinx, a vault warden and a deep troll.

Vanquished Creatures
  Mennas (Vaults:2)
  Vashnia (Snake:2)
  A golden dragon (IceCv)
  Zenata (Vaults:2)
  Polyphemus (Shoals:2)
  2 deep elf master archers (Elf:3)
  An ancient champion (Vaults:2)
  A tentacled starspawn (Abyss:2)
  A kraken (Shoals:4)
  3 sphinxes
  A tengu reaver (Vaults:2)
  Frances (Snake:1)
  Roxanne (Shoals:2)
  Donald (Snake:2)
  3 nagarajas (Snake:4)
  Aizul (Vaults:2)
  8 deep elf sorcerers
  8 vault wardens
  2 orc warlords
  A deep elf elementalist (Elf:3)
  2 war gargoyles (Vaults:1)
  8 ironbound preservers
  6 very ugly things
  5 ironbound thunderhulks
  3 deep elf demonologists
  Nessos (Lair:4)
  Azrael (D:14)
  An eleionoma (Shoals:1)
  9 dire elephants (Vaults:2)
  7 deep elf annihilators
  An eidolon (Vaults:2)
  The ghost of
  112233 the Eclecticist, a journeyman SpAE of Gozag (Lair:2)
  Snorg (D:13)
  A white draconian (Abyss:2)
  An ettin (Vaults:2)
  5 deep elf death magi
  6 great orbs of eyes
  6 merfolk impalers
  7 yaktaur captains
  3 deep elf high priests
  A peacekeeper (Vaults:1)
  7 salamander tyrants
  4 ice dragons (IceCv)
  5 vault guards
  Fannar (Lair:1)
  A death knight (Vaults:2)
  3 catoblepae
  A merfolk avatar (Shoals:3)
  6 hydras
  5 ogre magi
  18 anacondas
  6 ironbound frosthearts
  5 boulder beetles
  8 two-headed ogres
  2 alligator snapping turtles (Shoals:3)
  6 merfolk aquamancers
  4 satyrs
  19 dancing weapons
  12 death yaks
  26 centaur warriors
  4 naga warriors
  Urug (Lair:5)
  17 naga sharpshooters
  2 tengu warriors
  2 thrashing horrors (Lair:5)
  6 shock serpents
  An orc high priest (Orc:1)
  18 deep elf knights
  5 skysharks
  Nergalle (Orc:2)
  7 salamander mystics
  A spark wasp zombie (D:15)
  A death drake (shapeshifter) (Vaults:2)
  2 glowing orange brains
  22 deep trolls
  7 naga ritualists
  6 sea snakes
  A flayed ghost (D:15)
  5 orc knights
  22 ironbound convokers
  An orange crystal statue (IceCv)
  15 deep elf archers
  15 deep elf zephyrmancers
  27 deep elf pyromancers
  16 lindwurms
  8 wizards
  Pikel (D:8)
  13 harpies
  6 necromancers
  A lindwurm (shapeshifter) (Lair:5)
  7 orc sorcerers
  26 salamanders
  31 ugly things
  22 fauns
  2 stone giant zombies
  16 mana vipers
  9 cyclopes
  A salamander (shapeshifter) (D:14)
  11 manticores
  A stone giant skeleton (Vaults:1)
  36 black mambas
  19 elephants
  8 water nymphs
  2 smoke demons
  14 vault sentinels
  18 slime creatures
  A torpor snail (Lair:5)
  5 merfolk sirens
  3 guardian serpents (Snake:4)
  Maggie (D:8)
  8 naga magi
  2 storm dragon simulacra (IceCv)
  11 cane toads
  3 gargoyles
  2 unseen horrors
  14 yaktaurs
  A rime drake (Lair:5)
  Psyche (D:11)
  An efreet (D:13)
  A spriggan zombie (D:15)
  8 komodo dragons
  A guardian mummy (D:15)
  2 tengu conjurers
  2 ancient zymes
  2 kobold demonologists (D:11)
  3 golden dragon simulacra (IceCv)
  A yaktaur skeleton (Vaults:4)
  21 merfolk
  3 meliai (D:13)
  A wolf spider simulacrum (D:14)
  3 hornets
  11 trolls
  6 wind drakes
  Prince Ribbit (D:7)
  A blink frog (shapeshifter) (D:14)
  23 blink frogs
  7 snapping turtles
  14 dream sheep
  5 raiju (Abyss:2)
  An ettin skeleton (Vaults:1)
  2 ynoxinuls (Lair:5)
  A shadow (D:11)
  12 water elementals
  A wyvern (shapeshifter) (Lair:5)
  2 wraiths
  A spriggan (shapeshifter) (Lair:5)
  A spriggan (Lair:5)
  7 fire elementals
  A yak (shapeshifter) (Elf:3)
  4 vampires
  7 humans (D:14)
  38 yaks
  2 wyverns
  7 basilisks
  A neqoxec (Abyss:2)
  An elf skeleton (Vaults:4)
  10 large abominations
  3 chaos spawn
  2 vampire mosquitoes (D:13)
  30 nagas
  A redback (shapeshifter) (D:14)
  8 wargs
  4 acid dragons
  5 hell hounds
  10 water moccasins
  18 orc warriors
  4 ice dragon simulacra (IceCv)
  9 ogres
  A black bear (D:9)
  2 ice beasts
  2 boggarts (Vaults:4)
  2 human skeletons (Vaults:1)
  9 wolves
  2 lemures (D:8)
  21 centaurs
  Blork the orc (D:5)
  7 kobold brigands
  16 small abominations
  10 bullfrogs
  2 gnoll sergeants
  6 scorpions
  4 earth elementals
  11 wights (D:8)
  5 lindwurm simulacra (IceCv)
  9 killer bees (D:10)
  4 howler monkeys
  An electric eel (Elf:3)
  3 lava snakes (D:13)
  3 jellies
  25 orc priests
  3 hounds
  An iron imp (Abyss:2)
  A sleepcap (D:6)
  Natasha (twice) (D:3)
  4 iguanas (D:5)
  33 orc wizards
  6 hell rats (Lair:3)
  A yak simulacrum (Lair:2)
  A wolf simulacrum (Lair:2)
  23 gnolls
  10 adders
  2 shadow imps
  An ufetubus (D:6)
  4 dart slugs
  72 orcs
  5 ball pythons
  5 endoplasms
  5 giant cockroaches
  8 hobgoblins
  4 quokkas
  9 bats
  4 frilled lizards
  8 goblins
  48 kobolds
  3 rats
  A ball lightning (Elf:3)
  A starspawn tentacle (Abyss:2)
  2 tentacles (Shoals:4)
1487 creatures vanquished.

Vanquished Creatures (collateral kills)
  2 deep elf blademasters (Elf:3)
  A nagaraja (Snake:4)
  A deep elf elementalist (Elf:3)
  A deep elf demonologist (Elf:3)
  An eleionoma (Shoals:1)
  A fire dragon (D:14)
  A merfolk impaler (Shoals:4)
  A great orb of eyes (Vaults:4)
  An ice dragon (IceCv)
  A catoblepas (D:14)
  A naga sharpshooter (Snake:2)
  A deep elf knight (Elf:3)
  A salamander mystic (Snake:4)
  A sea snake (Shoals:4)
  A skeletal warrior (D:15)
  A naga ritualist (Snake:4)
  2 deep elf archers (Elf:3)
  4 deep elf pyromancers
  2 orc knights
  A deep elf zephyrmancer (Elf:1)
  A wolf spider (D:14)
  4 salamanders
  2 ugly things (D:15)
  A cyclops (D:14)
  A frost giant skeleton (D:15)
  A water nymph (Shoals:4)
  6 black mambas
  A naga mage (Snake:4)
  4 golden dragon simulacra (IceCv)
  3 merfolk (Shoals:4)
  2 snapping turtles (Shoals:4)
  2 slime creatures
  A wraith (D:14)
  4 humans (D:14)
  A steam dragon (D:8)
  5 nagas
  2 ogres (Orc:2)
  2 orc warriors
  A wight (D:8)
  3 lindwurm simulacra (IceCv)
  4 orc wizards
  9 orcs
86 creatures vanquished.

Vanquished Creatures (others)
  A vault guard (D:14)
  A deep elf zephyrmancer (Elf:1)
  2 yaktaurs
  A yak (D:9)
  A naga (Snake:4)
  A sky beast (D:8)
  A lemure (D:8)
  An orc wizard (D:5)
  22 ball lightnings
  47 fungi
  100 plants
  A starspawn tentacle (Abyss:2)
  3 tentacles (Shoals:4)
  4 withered plants (D:15)
186 creatures vanquished.

Grand Total: 1759 creatures vanquished

Notes
Turn   | Place    | Note
-------+----------+-------------------------------------------
     0 | D:1      | 112233 the Naga Air Elementalist began the quest for the
                  | Orb.
     0 | D:1      | Reached XP level 1. HP: 15/15 MP: 3/3
   347 | D:1      | Reached XP level 2. HP: 21/22 MP: 0/5
   718 | D:1      | Reached XP level 3. HP: 28/28 MP: 3/6
   721 | D:1      | Learned a level 2 spell: Static Discharge
   798 | D:1      | Learned a level 3 spell: Swiftness
  1535 | D:2      | Reached XP level 4. HP: 32/37 MP: 1/7
  1924 | D:2      | Found an ornate altar of the Wu Jian Council.
  2394 | D:3      | Reached skill level 1 in Fighting
  2475 | D:3      | Learned a level 1 spell: Apportation
  2901 | D:3      | Reached XP level 5. HP: 44/44 MP: 7/9
  2946 | D:3      | Found a faded altar of an unknown god.
  2948 | D:3      | Noticed Natasha
  2950 | D:3      | Killed Natasha
  3147 | D:3      | Noticed Natasha
  3157 | D:3      | Killed Natasha
  3437 | D:4      | Found a bloodstained altar of Trog.
  3546 | D:4      | Reached skill level 1 in Shields
  3546 | D:4      | Reached XP level 6. HP: 42/51 MP: 0/11
  3936 | D:5      | Entered Level 5 of the Dungeon
  4080 | D:4      | Found a blossoming altar of Fedhas.
  4442 | D:4      | Learned a level 4 spell: Airstrike
  5073 | D:5      | Reached XP level 7. HP: 52/60 MP: 0/13
  5394 | D:5      | Found a sacrificial altar of Ru.
  6070 | D:5      | Reached XP level 8. HP: 23/69 MP: 1/15
  6279 | D:5      | Reached skill level 5 in Spellcasting
  8873 | D:5      | Reached skill level 5 in Air Magic
  8929 | D:6      | Noticed Blork the orc
  8948 | D:5      | Killed Blork the orc
 10369 | D:6      | Found Nec Koad's Book Shop.
 10535 | D:6      | Reached XP level 9. HP: 71/78 MP: 11/18
 10888 | D:7      | Noticed Prince Ribbit
 10898 | D:7      | HP: 3/78 [Prince Ribbit (9)]
 10902 | D:7      | Killed Prince Ribbit
 11039 | D:7      | Identified the +4 hand axe "Ypor" {antimagic, rElec Will+}
 11527 | D:7      | Found Liokkush's Distillery.
 11593 | D:7      | Found a radiant altar of Vehumet.
 11627 | D:7      | Found a staircase to the Ecumenical Temple.
 11641 | Temple   | Entered the Ecumenical Temple
 11675 | Temple   | Became a worshipper of Gozag Ym Sagoz the Greedy
 11708 | D:7      | Bought a potion of heal wounds for 70 gold pieces
 11708 | D:7      | Bought a potion of heal wounds for 70 gold pieces
 12742 | D:8      | Found a burning altar of Makhleb.
 12743 | D:8      | Noticed Pikel
 13122 | D:8      | Killed Pikel
 13123 | D:8      | Reached skill level 5 in Fighting
 13404 | D:8      | Noticed a green death
 13407 | D:8      | Found a glowing silver altar of Zin.
 13408 | D:8      | Noticed an angel
 13420 | D:8      | Noticed Maggie
 13433 | D:8      | Reached skill level 5 in Dodging
 13433 | D:8      | Reached XP level 10. HP: 59/88 MP: 21/21
 13435 | D:8      | Killed Maggie
 14368 | D:8      | You fall into a shaft and drop 1 floor!
 14369 | D:9      | Noticed an unseen horror
 14374 | D:9      | Killed an unseen horror
 14393 | D:9      | Noticed a cyclops
 14410 | D:9      | Reached skill level 5 in Shields
 14438 | D:9      | Killed a cyclops
 15842 | D:8      | Found a hide-covered altar of Uskayaw.
 15851 | D:8      | Found an ornate altar of the Wu Jian Council.
 16456 | D:9      | Found a glowing golden altar of the Shining One.
 16762 | D:9      | Found a staircase to the Lair.
 16883 | D:10     | Entered Level 10 of the Dungeon
 16917 | D:10     | Found an iron altar of Okawaru.
 16928 | D:10     | Found a staircase to the Orcish Mines.
 16937 | D:10     | Reached XP level 11. HP: 99/99 MP: 13/24
 17893 | D:10     | Found a hazy altar of Hepliaklqana.
 19458 | D:11     | Noticed Psyche
 19463 | D:11     | Killed Psyche
 19618 | D:11     | Identified the orb "Cimej" {mayhem, rN+ Str+3}
 19627 | D:11     | Reached skill level 10 in Spellcasting
 19743 | D:11     | Noticed a two-headed ogre
 19747 | D:11     | Killed a two-headed ogre
 20054 | D:11     | Noticed a boulder beetle
 20063 | D:11     | Killed a boulder beetle
 20443 | D:11     | Noticed a wizard
 20446 | D:11     | Killed a wizard
 20811 | D:7      | Bought a potion of magic for 112 gold pieces
 20811 | D:7      | Bought a potion of lignification for 42 gold pieces
 20811 | D:7      | Bought 2 potions of resistance for 280 gold pieces
 20926 | Orc:1    | Entered Level 1 of the Orcish Mines
 20933 | Orc:1    | Noticed an orc sorcerer
 20936 | Orc:1    | Killed an orc sorcerer
 21651 | Orc:1    | Noticed an orc knight
 21662 | Orc:1    | Killed an orc knight
 21663 | Orc:1    | Reached XP level 12. HP: 98/110 MP: 7/26
 21983 | D:10     | Learned a level 3 spell: Mephitic Cloud
 21987 | Orc:1    | Noticed an orc warlord
 22396 | D:11     | Identified the +2 rapier "Boseoff" {freeze, rElec rN+
                  | Int-2}
 23317 | D:11     | Identified the +0 scale mail of Pinostul {rElec rPois
                  | Will-}
 23399 | D:12     | Noticed a two-headed ogre
 23405 | D:12     | Killed a two-headed ogre
 25491 | D:12     | Noticed a centaur warrior
 25500 | D:12     | Killed a centaur warrior
 25683 | D:12     | Noticed a two-headed ogre
 25688 | D:12     | Killed a two-headed ogre
 25841 | D:12     | Noticed a two-headed ogre
 25843 | D:12     | Killed a two-headed ogre
 26298 | Lair:1   | Entered Level 1 of the Lair of Beasts
 26298 | Lair:1   | Noticed Fannar
 26778 | Lair:1   | Killed Fannar
 27157 | D:6      | Bought a Trismegistus Codex for 308 gold pieces
 27157 | D:6      | Bought a book of the Earth for 396 gold pieces
 27163 | D:6      | Learned a level 5 spell: Freezing Cloud
 27167 | D:6      | Learned a level 3 spell: Ignite Poison
 28122 | Lair:1   | Gained mutation: You can use your snake-like lower body to
                  | constrict enemies. [Naga growth]
 28122 | Lair:1   | Reached XP level 13. HP: 121/121 MP: 7/29
 28223 | Lair:1   | Reached skill level 10 in Air Magic
 30156 | Lair:1   | Reached skill level 10 in Fighting
 31356 | Lair:2   | Found a large runed translucent door.
 31356 | Lair:2   | Found a large runed translucent door.
 32144 | Lair:2   | Found a staircase to the Snake Pit.
 32758 | Lair:3   | Found a staircase to the Shoals.
 32798 | Lair:3   | Identified the +0 leather armour of the Trees {Harm rC+
                  | Str+3}
 32935 | Lair:3   | Found a runed translucent gate.
 32935 | Lair:3   | Found a runed translucent gate.
 33047 | Lair:3   | Found a runed translucent gate.
 33053 | Lair:3   | Noticed 112233's ghost (journeyman OpFi)
 33514 | Lair:3   | Noticed a minotaur
 34108 | Lair:4   | Noticed Nessos
 34158 | Lair:4   | Killed Nessos
 34420 | Lair:4   | Identified the +1 chain mail of Hysteria {Rampage Regen+
                  | Str+3 Int+4}
 34448 | Lair:4   | Found a staircase to the Slime Pits.
 34772 | Lair:4   | Reached XP level 14. HP: 135/135 MP: 28/30
 36112 | Lair:5   | Entered Level 5 of the Lair of Beasts
 36456 | Lair:5   | Reached skill level 10 in Dodging
 36510 | Lair:5   | Noticed Urug
 36514 | Lair:5   | Killed Urug
 37143 | Lair:5   | Identified the +0 leather armour of a bazaar {*Corrode
                  | rElec Int+3 Dex+3}
 39253 | Lair:5   | Identified the ring "Adicsim" {Fire rElec}
 39438 | Lair:5   | Identified the +8 rapier of the Mauling Gods {flame, *Rage
                  | Int+2 SInv}
 39691 | Lair:5   | Reached XP level 15. HP: 121/144 MP: 17/32
 39988 | Lair:5   | Found a corrupted altar of Lugonu.
 39988 | Lair:5   | Found a one-way gate to the infinite horrors of the Abyss.
 40009 | Lair:5   | Learned a level 2 spell: Blink
 40300 | Lair:2   | Noticed 112233's ghost (journeyman SpAE)
 40519 | D:10     | Learned a level 2 spell: Passwall
 40526 | D:10     | Learned a level 6 spell: Statue Form
 40536 | Orc:1    | Reached skill level 5 in Conjurations
 41478 | D:13     | Reached skill level 1 in Transmutations
 41577 | D:13     | Noticed Snorg
 41587 | D:13     | Killed Snorg
 41588 | D:13     | Reached skill level 1 in Earth Magic
 42746 | D:14     | Found Voeczusug's Magic Scroll Emporium.
 43156 | D:14     | Bought a scroll of teleportation for 42 gold pieces
 43156 | D:14     | Bought a scroll of identify for 28 gold pieces
 43156 | D:14     | Bought a scroll of identify for 28 gold pieces
 43156 | D:14     | Bought a scroll of identify for 28 gold pieces
 43156 | D:14     | Bought a scroll of fog for 56 gold pieces
 43156 | D:14     | Bought a scroll of immolation for 56 gold pieces
 43156 | D:14     | Bought a scroll of poison for 56 gold pieces
 43158 | D:14     | Identified 2 scrolls of acquirement
 43159 | D:14     | Acquired the ring of Neneskaz {Wiz rN++}
 43160 | D:14     | Acquired the Cyclopedia of Arson and Voltage
 43173 | D:14     | Learned a level 5 spell: Arcjolt
 43181 | D:14     | Learned a level 7 spell: Storm Form
 44371 | D:10     | Bought an embroidered robe for 114 gold pieces
 44371 | D:10     | Bought an embroidered robe for 114 gold pieces
 44374 | D:10     | Bought the ring of Immorality {Str+4 Int+6} for 822 gold
                  | pieces
 44987 | Orc:1    | Killed an orc warlord
 45997 | Orc:2    | Entered Level 2 of the Orcish Mines
 46085 | Orc:2    | Found Xuoc's Book Shop.
 46112 | Orc:2    | Bought a book of Storms for 352 gold pieces
 46127 | Orc:2    | Found a staircase to the Elven Halls.
 46274 | Orc:2    | Learned a level 4 spell: Summon Lightning Spire
 47283 | Orc:2    | Reached skill level 5 in Transmutations
 47739 | Orc:2    | Found an ancient bone altar of Kikubaaqudgha.
 47741 | Orc:2    | Noticed Nergalle
 47746 | Orc:2    | Killed Nergalle
 48058 | Orc:2    | Found Loapuv's Antique Weapon Shop.
 48410 | Orc:2    | Found a radiant altar of Vehumet.
 48441 | Orc:2    | Found Xorekin's Distillery.
 48445 | Orc:2    | Found Zohit's Jewellery Shop.
 48771 | Orc:2    | Found Met Nen's Antique Weapon Boutique.
 48807 | Orc:2    | Bought a potion of mutation for 80 gold pieces
 48807 | Orc:2    | Bought a potion of invisibility for 80 gold pieces
 48807 | Orc:2    | Bought a potion of heal wounds for 50 gold pieces
 48807 | Orc:2    | Bought a potion of heal wounds for 50 gold pieces
 48807 | Orc:2    | Bought a potion of curing for 30 gold pieces
 48807 | Orc:2    | Bought a potion of curing for 30 gold pieces
 48807 | Orc:2    | Bought a potion of magic for 80 gold pieces
 48807 | Orc:2    | Bought a potion of might for 40 gold pieces
 49583 | D:14     | Noticed Azrael
 49770 | D:14     | Killed Azrael
 50807 | D:14     | Identified the +5 hand axe "Haytaix" {freeze, Int+6}
 50835 | D:14     | Reached XP level 16. HP: 152/152 MP: 16/34
 50911 | D:14     | Identified the ring "Cyetroc" {rPois Int+6 Slay+6}
 50912 | D:14     | Identified the ring of Meschafon {rElec MP+9 Str-5 Int+4
                  | Slay+5}
 50965 | D:14     | Identified the ring of Xom's Fair Game {Fire rElec rPois
                  | rN+ Int+2}
 51152 | D:14     | Found a runed translucent door.
 51394 | D:14     | Found a gate to the Vaults.
 51419 | D:14     | Identified the +2 great mace "Veschacoa" {freeze, rCorr
                  | Int+7}
 51520 | D:14     | Identified the ring "Puczi" {Str+4 Int+4 SInv}
 51603 | D:15     | Entered Level 15 of the Dungeon
 51626 | D:15     | Found a staircase to the Depths.
 51636 | D:15     | Identified the +4 flail of Eternity {drain, rElec rCorr
                  | Dex+2}
 52646 | D:15     | Found Hyorph's Blood Bar.
 53263 | Snake:1  | Entered Level 1 of the Snake Pit
 53268 | Snake:1  | Found Qavioqul's Weapon Shop.
 53395 | Snake:1  | Found Gikhli's Antique Weapon Emporium.
 53542 | Snake:1  | Found Koreompiusk's Weapon Emporium.
 53544 | Snake:1  | Found Xochidonk's Book Shoppe.
 53544 | Snake:1  | Found Bali's Assorted Antiques.
 53547 | Snake:1  | Found Pode's Jewellery Shoppe.
 53552 | Snake:1  | Bought a manual of Unarmed Combat for 880 gold pieces
 53558 | Snake:1  | Bought a short glowing staff for 348 gold pieces
 53558 | Snake:1  | Bought a pair of embroidered gloves for 217 gold pieces
 53753 | Snake:1  | Noticed Frances
 53761 | Snake:1  | Killed Frances
 54143 | Snake:1  | Reached skill level 15 in Spellcasting
 54291 | Snake:1  | Reached skill level 10 in Transmutations
 54323 | Snake:1  | Found Paape's Weapon Boutique.
 54863 | Snake:2  | Noticed Donald
 54872 | Snake:2  | Killed Donald
 54873 | Snake:2  | Reached skill level 1 in Unarmed Combat
 55311 | Snake:2  | Reached XP level 17. HP: 130/160 MP: 20/36
 55527 | Snake:2  | Noticed Vashnia
 55537 | Snake:2  | HP: 6/160 [naga sharpshooter/bolt[Vashnia] (22)]
 55971 | Snake:2  | Killed Vashnia
 56106 | Snake:2  | Reached skill level 5 in Unarmed Combat
 57289 | Snake:3  | Found a frozen archway.
 57298 | IceCv    | Entered an ice cave
 57314 | IceCv    | Learned a level 6 spell: Conjure Ball Lightning
 57918 | IceCv    | Got the Octavo of the Curious Stories
 58352 | IceCv    | Noticed a golden dragon
 58888 | IceCv    | Killed a golden dragon
 59295 | IceCv    | Identified the ring "Imaher" {Drain rPois Int+6 Dex+5}
 60135 | Snake:4  | Entered Level 4 of the Snake Pit
 60270 | Snake:4  | Reached XP level 18. HP: 72/171 MP: 28/37
 60937 | Elf:1    | Entered Level 1 of the Elven Halls
 61063 | D:10     | Bought an Inescapable Atlas for 576 gold pieces
 61657 | Elf:1    | Reached skill level 10 in Unarmed Combat
 61977 | Elf:1    | Found Kiozxi Ysuhu's Jewellery Shoppe.
 62116 | Elf:1    | Reached skill level 15 in Air Magic
 63393 | Elf:2    | Found a portal to a secret trove of treasure.
 63632 | Elf:2    | Identified the ring "Miatal" {rCorr Str-4 Dex+8 Slay-2
                  | SInv}
 63813 | Elf:2    | Found a runed translucent gate.
 63824 | Elf:2    | Found a runed translucent gate.
 63824 | Elf:2    | Found a runed translucent gate.
 64045 | Elf:3    | Entered Level 3 of the Elven Halls
 64927 | Elf:3    | Found Vuhot's Assorted Antiques.
 64938 | Elf:3    | Bought 2 emerald potions for 68 gold pieces
 64938 | Elf:3    | Bought a sedimented clear potion for 34 gold pieces
 64938 | Elf:3    | Bought a scroll of teleportation for 114 gold pieces
 64938 | Elf:3    | Bought a potion of heal wounds for 190 gold pieces
 65642 | Elf:3    | Identified the +4 whip "Beast's Nightmare" {venom, rElec
                  | rPois rC- rN+++}
 65644 | Elf:3    | Identified the ring of Xerec {rF+ Str+2 Int-4 Dex+2 Slay+2}
 65654 | Elf:3    | Noticed a deep elf blademaster
 65656 | Abyss:2  | Cast into level 2 of the Abyss (+0 mace of distortion)
 65690 | Abyss:2  | Found a corrupted altar of Lugonu.
 65699 | Abyss:2  | Found a corrupted altar of Lugonu.
 65699 | Abyss:2  | Found a corrupted altar of Lugonu.
 65832 | Abyss:2  | Reached XP level 19. HP: 181/181 MP: 39/39
 65838 | Elf:3    | Escaped the Abyss
 67602 | Elf:3    | Found the +6 lightning scales {swift, rElec}
 67692 | Elf:3    | Got the Quarto of Composition
 68543 | Snake:4  | Found Meucuthri's Magic Scroll Boutique.
 69062 | Snake:4  | Got a serpentine rune of Zot
 69145 | Snake:4  | Bought a scroll of teleportation for 54 gold pieces
 69145 | Snake:4  | Bought a scroll of teleportation for 54 gold pieces
 69145 | Snake:4  | Bought a scroll of amnesia for 72 gold pieces
 69948 | Shoals:1 | Entered Level 1 of the Shoals
 70231 | Shoals:1 | Found Linum's Weapon Emporium.
 70503 | Shoals:1 | Reached XP level 20. HP: 162/190 MP: 40/40
 70687 | Shoals:1 | Identified the +6 sling of Stickiness {flame, rF++}
 70849 | Shoals:2 | Identified Roxanne's Codex of Transformation
 70849 | Shoals:2 | Noticed Roxanne
 70867 | Shoals:2 | Killed Roxanne
 71118 | Shoals:2 | Found Fioklora's Gadget Gallery.
 71127 | Shoals:2 | Bought a wand of light (3) for 239 gold pieces
 71127 | Shoals:2 | Bought a wand of light (5) for 399 gold pieces
 71127 | Shoals:2 | Bought a wand of digging (5) for 399 gold pieces
 71127 | Shoals:2 | Bought a wand of iceblast (7) for 319 gold pieces
 71222 | Shoals:2 | Noticed Polyphemus
 71237 | Shoals:2 | Killed Polyphemus
 72351 | Shoals:3 | Reached skill level 15 in Transmutations
 72840 | Shoals:4 | Entered Level 4 of the Shoals
 72945 | Shoals:3 | Learned a level 2 spell: Wereblood
 72955 | Shoals:4 | Reached skill level 15 in Unarmed Combat
 73547 | Shoals:4 | Identified the +5 sling "Gemuzire" {freeze, rF+}
 73843 | Shoals:4 | Got a barnacled rune of Zot
 73893 | Shoals:4 | Found Toeleosa's General Store.
 73900 | Shoals:4 | Bought a potion of heal wounds for 90 gold pieces
 73900 | Shoals:4 | Bought a potion of brilliance for 72 gold pieces
 74366 | Lair:2   | Killed 112233's ghost
 74564 | Vaults:1 | Entered Level 1 of the Vaults
 74755 | Vaults:1 | Reached skill level 15 in Fighting
 74881 | Vaults:1 | Reached XP level 21. HP: 171/201 MP: 40/42
 76060 | Vaults:2 | Noticed Mennas
 76080 | Vaults:2 | Killed Mennas
 76912 | Vaults:2 | Noticed Aizul
 76930 | Vaults:2 | Killed Aizul
 77236 | Vaults:2 | Noticed Zenata
 77248 | Vaults:2 | Killed Zenata
 77523 | Vaults:2 | Found a staircase to the Crypt.
 77698 | Vaults:2 | Learned a level 8 spell: Maxwell's Capacitive Coupling
 78363 | Vaults:3 | Found Oxzion's Antique Armour Shop.
 78687 | Vaults:3 | Reached XP level 22. HP: 196/212 MP: 39/43
 78852 | Vaults:3 | Identified the +4 sling "Taty" {flame, Int+4}
 79710 | Vaults:4 | Identified the +11 hand axe of the Living Dead {vamp,
                  | rPois}
 80296 | Vaults:4 | Found Nugul's General Store.
 80348 | Vaults:4 | Bought a scroll of magic mapping for 165 gold pieces
 80521 | Vaults:4 | Paralysed by a sphinx for 5 turns
 80530 | Vaults:4 | HP: 5/319 [vault warden/+0 great mace (36)]
 80530 | Vaults:4 | Demolished by an ironbound preserver

Illustrated notes

Levels and vault maps discovered:
D:1:      lemuel_arrival_hallway, layout_loops_corners, st_stairs_11
D:2:      layout_basic, basic_altar
D:3:      layout_loops_corners, hellmonk_ecumenical_altar_pennies_from_heaven,
          corner_web_ring, uniq_natasha
D:4:      minmay_goblin_kobold_castle, layout_loops_ring, lemuel_doored_altar,
          trog_book
D:5:      layout_basic, nicolae_ru_path_of_blood, nrook_mini_vaults
D:6:      layout_basic, nicolae_overflow_hidden_temple, serial_shops, shop,
          chequers_serial_rivers_room_a, uniq_blork_the_orc
D:7:      layout_loops_ring, nicolae_vehumet_radiance,
          minmay_temple_entry_trees, serial_shops, nicolae_square_shop,
          uniq_prince_ribbit1
D:8:      layout_basic, grunt_temple_overflow_order_and_chaos_2,
          mainiacjoe_overflow_swirl, uniq_maggie, uniq_pikel
D:9:      layout_big_octagon, mainiacjoe_overflow_alcove_1,
          grunt_lair_entry_orc_guard_hut, enter_bailey_2
D:10:     layout_long_grid, mainiacjoe_overflow_chevrons, okawaru_gym_becter,
          orc_0_dummy, minmay_misc_feat_iff
D:11:     layout_stronghold, laboratory, uniq_psyche
D:12:     layout_stronghold
D:13:     layout_roguey, kennysheep_minor_cross, uniq_snorg
D:14:     minmay_the_grid_triangle_9x9_rhombus_full_mashed
          [minmay_the_grid_triangle_9x9_alien,
          minmay_the_grid_triangle_9x9_subtriangle,
          minmay_the_grid_triangle_9x9_corruption,
          minmay_the_grid_triangle_9x9_semitri,
          minmay_the_grid_triangle_9x9_empty,
          minmay_the_grid_triangle_9x9_sparse_checkered,
          minmay_the_grid_triangle_9x9_corrupted_corridor,
          minmay_the_grid_triangle_9x9_prize_special], layout_cave_pools,
          ximxim_vaults_locker_room, serial_shops, shop, uniq_azrael
D:15:     gammafunk_depths_entry_grave, layout_basic, guppyfry_shop_blood
Temple:   nicolae_temple_bog_church
Lair:1:   layout_chaotic_city, chequers_serial_rivers_large_b,
          chequers_serial_rivers_room_a, dreamdust_deal_with_the_devil,
          nicolae_quartered_pool_medium, uniq_fannar
Lair:2:   layout_loops_ring, minmay_snake_entry_guardpost_medium,
          enter_volcano_2, ebering_ghost_disaster_area, minivault_11,
          eino_house_with_fridge
Lair:3:   layout_chaotic_city, shoals_dummy_entry,
          maelrawn_ghost_gauntlet_escape
Lair:4:   layout_roguey, minmay_slime_entry_oklob_open, lemuel_fruit_tree,
          uniq_nessos
Lair:5:   hellmonk_lair_end_abyssal_woods, layout_concentric_octagons,
          infiniplex_staircase_pool_2, grunt_megastairs_3, lemuel_fruit_fields,
          lemuel_fruit_fields, uniq_urug
Shoals:1: layout_shoals, serial_shops, shop, nicolae_shoals_enchanted_isle
Shoals:2: layout_shoals, nicolae_shop_gadgets, uniq_polyphemus, uniq_roxanne
Shoals:3: layout_shoals, nicolae_shoals_cliffside_cave
Shoals:4: shoals_end_hangedman, layout_shoals, serial_shops,
          nicolae_lakefront_shop
Snake:1:  layout_grid_maze, serial_shops, nicolae_shop_bloodbath_and_beyond,
          nicolae_square_shop, shop, drop_trap, minmay_shoptagon, uniq_frances
Snake:2:  layout_chambers, uniq_vashnia, uniq_donald
Snake:3:  layout_rooms, portal_ice_cave_entry_pillars_1,
          nicolae_large_snake_swirl
Snake:4:  johnstein_snake_rune_scales, layout_concentric_octagons, serial_shops,
          nicolae_shop_statue_plus
Orc:1:    layout_caves, basic_altar, minmay_orc_temple_c
Orc:2:    kennysheep_orc_mage_school, layout_caves, serial_shops,
          nicolae_shop_hallway_plus
Elf:1:    minmay_elf_arrival_summoners, layout_geoelf_octagon, serial_shops,
          nicolae_shop_statue_plus, evilmike_minifort
Elf:2:    nicolae_elf_blades_crystal_corner, layout_gridlike,
          nicolae_trove_entry_free_sample
Elf:3:    elf_hall_gauntlet_narrow, layout_geoelf_grid, serial_shops,
          nicolae_shop_overgrown_old_shop, minivault_4
Vaults:1: ontoclasm_vaults_shuriken, nicolae_vaults_shelves_hall,
          vaults_room_boxed, hangedman_vaults_corner_blocks, v_misc_22,
          vaults_room_fancy_cross, v_misc_25, hangedman_vaults_trim,
          vaults_dpeg_hooks, vaults_standard_mumra_lines, vaults_room_corners,
          v_misc_10, nicolae_vaults_little_ls, layout_vaults_omnicross
Vaults:2: v_alt_pattern_1, minmay_crypt_entry_simple_round,
          hangedman_vaults_capsules, v_alt_pattern_3, hangedman_vaults_corner,
          nicolae_vaults_big_angled_halls, nicolae_vaults_ring_of_whatevers,
          dpeg_vaults_hating_casters, nicolae_vaults_angled_halls,
          nicolae_vaults_sealed_display, vaults_mumra_minichess,
          layout_vaults_omnigrid, uniq_aizul, uniq_mennas, uniq_zenata
Vaults:3: grunt_vaults_swirl, v_alt_pattern_4, nicolae_vaults_mini_display_case,
          nicolae_vaults_little_squares_6, v_pattern_3,
          hangedman_vaults_stagger, nicolae_vaults_theta, grunt_vaults_diagonal,
          nicolae_vaults_theta, v_alt_pattern_4, vaults_room_pool,
          nicolae_vaults_network_periphery, hangedman_vaults_pinch, v_misc_8,
          layout_vaults_omnibox, serial_shops, shop
Vaults:4: nicolae_vaults_ninety_degrees, grunt_vaults_twisty,
          vaults_room_hallway, nicolae_vaults_back_hallway,
          nicolae_vaults_alarming, nicolae_vaults_bisected_slash,
          nicolae_vaults_border_crossing, vaults_room_stairs_pillars,
          vaults_mumra_hexcomb, nicolae_vaults_angled_halls,
          nicolae_vaults_three_branches, grunt_vaults_hallway_short,
          layout_vaults_chaotic_city, serial_shops, shop

Skill      XL: |  1  2  3  4  5  6  7  8  9 10 11 12 13 14 15 16 17 18 19 20 21 22 |
---------------+-------------------------------------------------------------------+-----
Dodging        | 2 3 4 5 6 7 8 9 10 11 12 13 | 13.3
Fighting       | 1 2 3 4 5 6 8 9 11 12 13 14 15 16 | 16.2
Spellcasting   | 3 4 6 7 9 10 12 13 14 15 16 17 | 17.9
Shields        | 1 2 3 4 5 |  5.0
Air Magic      | 4 5 6 7 8 9 11 12 13 14 15 16 17 | 17.6
Conjurations   | 4 5 |  5.0
Transmutations | 7 10 12 13 14 15 16 | 16.5
Earth Magic    | 2 |  2.0
Unarmed Combat | 3 9 12 14 15 16 | 16.5
Stealth        | |  3.7

Action                     |  1- 3 |  4- 6 |  7- 9 | 10-12 | 13-15 | 16-18 | 19-21 | 22-24 || total
---------------------------+-------+-------+-------+-------+-------+-------+-------+-------++-------
  Melee: Unarmed           |     1 |     4 |       |       |       |   340 |   615 |   156 ||  1116
         Mace              |       |     9 |    16 |    30 |    75 |       |       |       ||   130
         Constrict         |       |       |       |       |    14 |     4 |     6 |     3 ||    27
         Hand axe          |       |       |       |       |       |    21 |       |       ||    21
         Punch             |       |       |       |       |       |    18 |    67 |    18 ||   103
         Staff             |       |       |       |       |       |       |    23 |    12 ||    35
   Cast: Shock             |    50 |   130 |   257 |     9 |     2 |       |       |       ||   448
         Static Discharge  |     1 |    16 |    50 |    31 |    29 |       |       |       ||   127
         Airstrike         |       |       |    24 |   374 |   770 |   271 |    82 |       ||  1521
         Swiftness         |       |       |       |     1 |       |       |       |       ||     1
         Mephitic Cloud    |       |       |       |     1 |     8 |     3 |     1 |       ||    13
         Freezing Cloud    |       |       |       |       |    35 |    18 |     7 |       ||    60
         Ignite Poison     |       |       |       |       |     2 |       |       |       ||     2
         Summon Lightning  |       |       |       |       |    34 |    72 |    36 |     1 ||   143
         Arcjolt           |       |       |       |       |    19 |    65 |    19 |       ||   103
         Storm Form        |       |       |       |       |     1 |    71 |    72 |    11 ||   155
         Statue Form       |       |       |       |       |     1 |     6 |       |       ||     7
         Blink             |       |       |       |       |     1 |     4 |     1 |       ||     6
         Conjure Ball Ligh |       |       |       |       |       |     4 |     4 |       ||     8
         Wereblood         |       |       |       |       |       |       |    22 |     8 ||    30
 Invoke: Call Merchant     |       |       |       |       |     4 |       |       |       ||     4
         Potion Petition   |       |       |       |       |       |     6 |     3 |     1 ||    10
Ability: Spit Poison       |     4 |     7 |    22 |     5 |    11 |     3 |       |       ||    52
         Blinkbolt         |       |       |       |       |       |    18 |    41 |     7 ||    66
  Evoke: Wand              |       |       |    12 |    12 |    12 |       |     2 |       ||    38
         Condenser vane    |       |       |       |     1 |     2 |     1 |     2 |       ||     6
         Box of beasts     |       |       |       |       |       |       |     1 |       ||     1
         Phantom mirror    |       |       |       |       |       |       |     1 |       ||     1
    Use: Potion            |       |       |     6 |     9 |     3 |     6 |     1 |       ||    25
         Scroll            |       |       |       |    10 |    16 |    20 |     8 |       ||    54
   Stab: Confused          |       |       |       |     1 |       |     2 |     1 |       ||     4
         Distracted        |       |       |       |       |       |     3 |    10 |     3 ||    16
         Sleeping          |       |       |       |       |       |     1 |       |     1 ||     2
 Armour: Robe              |       |    20 |    47 |    58 |   146 |    10 |     4 |    11 ||   296
         Skin              |       |       |       |       |    10 |   182 |   123 |    35 ||   350
  Dodge: Dodged            |     3 |    31 |    96 |   130 |   220 |   532 |   994 |   156 ||  2162
         Repelled          |       |       |       |     2 |     6 |     5 |       |       ||    13
  Block: Buckler           |       |       |       |    66 |   134 |    26 |     8 |     8 ||   242

Table legend: (Time is in decaauts)
 A = Elapsed time spent in this place.
 B = Non-inter-level travel time spent in this place.
 C = Inter-level travel time spent in this place.
 D = Time resting spent in this place.
 E = Time spent auto-exploring this place.
 F = Levels seen in this place.
 G = Mean time per level.
                   A        B        C        D        E       F      G
               +--------+--------+--------+--------+--------+-----+--------+
         Total |  89926 |  83475 |   6451 |  28237 |  45446 |  40 | 2248.1 |
       Dungeon |  41876 |  38182 |   3694 |  15472 |  19206 |  15 | 2791.7 |
        Temple |     65 |     31 |     34 |      0 |     22 |   1 |   65.0 |
          Lair |  14637 |  13769 |    868 |   5177 |   7155 |   5 | 2927.4 |
        Shoals |   4610 |   4411 |    199 |    839 |   2938 |   4 | 1152.5 |
     Snake Pit |   8039 |   7535 |    504 |   1381 |   5154 |   4 | 2009.8 |
  Orcish Mines |   4868 |   4531 |    337 |   1902 |   1931 |   2 | 2434.0 |
   Elven Halls |   7223 |   6581 |    642 |   1842 |   3744 |   3 | 2407.7 |
        Vaults |   6197 |   6027 |    170 |    350 |   4796 |   4 | 1549.2 |
         Abyss |    177 |    177 |      0 |      0 |     40 |   1 |  177.0 |
      Ice Cave |   2229 |   2229 |      0 |   1272 |    456 |   1 | 2229.0 |
               +--------+--------+--------+--------+--------+-----+--------+

Top non-repeatable levels by time:
    D:13: 4934 daAuts
    D:10: 4916 daAuts
     D:4: 4212 daAuts
    D:11: 4059 daAuts
  Lair:5: 3992 daAuts
   Elf:3: 3856 daAuts
  Lair:1: 3755 daAuts
   Orc:2: 3405 daAuts
     D:9: 3348 daAuts
     D:8: 2937 daAuts
  Lair:4: 2881 daAuts
 Snake:2: 2786 daAuts
    D:12: 2483 daAuts
    D:14: 2462 daAuts
     D:6: 2431 daAuts
